 Dungeon Crawl Stone Soup version 0.21-a0-508-gf08a75f (webtiles) character file.

11351 mortelune the Cleaver (level 11, -12/105 HPs)
             Began as a Minotaur Berserker on Nov 28, 2017.
             Was a High Priest of Trog.
             Mangled by a skeletal warrior
             ... wielding a +0 dire flail
             ... led by a skeletal warrior
              (19 damage)
             ... on level 10 of the Dungeon.
             The game lasted 00:28:33 (9705 turns).

mortelune the Cleaver (Minotaur Berserker)          Turns: 9705, Time: 00:28:33

Health: -12/105    AC: 18    Str: 25    XL:     11   Next: 48%
Magic:  10/10      EV:  8    Int:  4    God:    Trog [*****.]
Gold:   706        SH:  0    Dex: 10    Spells: 10/10 levels left

rFire    . . .     SeeInvis .   S - +0 battleaxe
rCold    . . .     Gourm    .   (shield currently unavailable)
rNeg     + . .     Faith    .   P - +0 plate armour
rPois    .         Spirit   .   (helmet restricted)
rElec    .         Reflect  .   Q - +1 cloak
rCorr    .         Harm     .   w - +0 pair of gloves
MR       .....                  (no boots)
Stlth    ..........             (no amulet)
HPRegen  0.27/turn              p - ring of stealth
MPRegen  0.12/turn              k - ring of positive energy

@: berserk cooldown, slowed, very slow
A: retaliatory headbutt, horns 2
a: Berserk, Trog's Hand, Brothers in Arms, Burn Spellbooks, Renounce Religion


You were on level 10 of the Dungeon.
You worshipped Trog.
Trog was extremely pleased with you.
You were hungry.

You visited 1 branch of the dungeon, and saw 10 of its levels.
You also visited: Sewer.

You collected 706 gold pieces.

Inventory:

Hand Weapons
 R - a +0 war axe
 S - a +0 battleaxe (weapon)
 T - a +2 morningstar of protection
Missiles
 K - 3 throwing nets (quivered)
Armour
 b - a +0 animal skin
 d - a +1 ring mail
 s - a +0 cloak
 w - a +0 pair of gloves (worn)
 x - a +0 chain mail
 I - a +0 buckler
 P - a +0 plate armour (worn)
 Q - a +1 cloak (worn)
Jewellery
 k - a ring of positive energy (right hand)
 p - a ring of stealth (left hand)
 E - an uncursed ring of ice
Wands
 a - a wand of flame (22)
 f - a wand of random effects (29)
 F - a wand of iceblast (8)
 O - a wand of disintegration (12)
Scrolls
 c - 2 scrolls of random uselessness
 e - 2 scrolls of blinking
 g - 7 scrolls of remove curse
 h - 7 scrolls of enchant armour
 j - 2 scrolls of immolation {unknown}
 n - 7 scrolls of teleportation
 t - a scroll of identify
 u - 3 scrolls of enchant weapon
 v - a scroll of noise
 y - a scroll of fog
 G - a scroll of brand weapon {unknown}
 H - a scroll of magic mapping
 N - a scroll of fear {unknown}
Potions
 l - a potion of ambrosia
 o - 7 potions of curing
 q - a potion of lignification
 r - a potion of might
 z - 2 potions of invisibility
 A - a potion of brilliance
 B - 2 potions of resistance
 C - a potion of haste
 L - a potion of agility {unknown}
Comestibles
 i - 7 bread rations
 m - 6 fruits
 D - a meat ration
 J - 4 royal jellies
 M - a chunk of flesh


   Skills:
 + Level 12.6 Fighting
 * Level 14.3 Axes
 + Level 10.9 Armour
 - Level 2.2 Dodging


You had 10 spell levels left.
You didn't know any spells.

Dungeon Overview and Level Annotations

Branches:
Dungeon (10/15)            Temple (0/1) D:7            Lair (0/6) D:9
    Orc: D:9-12

Altars:
Ashenzari
Cheibriados
Dithmenos
Makhleb
Okawaru
Trog
Uskayaw
Wu Jian


Innate Abilities, Weirdness & Mutations

You reflexively headbutt those who attack you in melee.
You have a pair of horns on your head.


Message History

You are exhausted.
You feel yourself slow down. Something hits you but does no damage.
You barely miss the skeletal warrior.
Your headbutt misses the skeletal warrior.
The skeletal warrior is heavily damaged.
Your plate armour prevents you from hitting something.
Something hits you.
* * * LOW HITPOINT WARNING * * *
Something hits you but does no damage.
The skeletal warrior hits you from afar with a glaive.
* * * LOW HITPOINT WARNING * * *
The skeletal warrior hits you from afar with a trident!
* * * LOW HITPOINT WARNING * * *
The skeletal warrior barely misses you.
The skeletal warrior hits you but does no damage.
The skeletal warrior hits you from afar with a glaive.
* * * LOW HITPOINT WARNING * * *
You feel better.
The skeletal warrior hits you with a dire flail!!
You die...

#!.....).....$#
#.....$≈(.....#
#......≈{.....# #.
#...≈≈≈≈≈...#
##...##
#....[≈)....#
......#
#....≈lo..# ......
###.zZz.# ##...#
#.###z#
##...#######....@#
......#..........#
......'.........##
......#.........#
......#...##....#
......#(..##....#
##....##.........#
##....##.....>...+
.#...............#


You could see 3 skeletal warriors, an orc, a wyvern zombie and a leopard gecko.

Vanquished Creatures
  A skeletal warrior (D:10)
  Pikel (D:5)
  An ugly thing (D:9)
  Maurice (D:8)
  A gargoyle (D:10)
  Joseph (D:8)
  Prince Ribbit (D:7)
  2 hornets
  2 hippogriffs
  6 spriggans (D:8)
  A wyvern (D:8)
  A steam dragon (D:8)
  A hungry ghost (D:8)
  Menkaure (D:7)
  A water moccasin (D:10)
  2 porcupines (D:9)
  3 orc warriors
  3 ice beasts
  A black bear (D:9)
  4 phantoms
  3 sky beasts
  7 ogres
  7 centaurs
  2 big kobolds (D:6)
  3 gnoll sergeants
  12 bullfrogs
  5 scorpions
  3 killer bees (D:8)
  5 wights (D:8)
  3 crimson imps
  5 jellies
  A quasit (D:8)
  9 orc priests
  6 hounds
  Crazy Yiuf (D:3)
  6 centaur skeletons
  8 orc wizards
  A gnoll shaman (D:4)
  An iguana (D:8)
  10 worker ants
  A hound zombie (D:10)
  16 gnolls
  6 adders
  A river rat (D:3)
  An ooze (D:2)
  3 adder skeletons
  An adder zombie (D:9)
  A worm (D:4)
  7 leopard geckos
  29 orcs
  4 ball pythons
  15 giant cockroaches
  2 goblins
  15 hobgoblins
  16 jackals
  4 kobolds
  4 quokkas
  3 bats
  10 frilled lizards
  A jackal skeleton (D:7)
  A leopard gecko zombie (D:7)
  A quokka zombie (D:5)
  10 rats
285 creatures vanquished.

Vanquished Creatures (collateral kills)
  A cyclops (D:9)
1 creature vanquished.

Vanquished Creatures (others)
  3 fungi (D:9)
3 creatures vanquished.

Grand Total: 289 creatures vanquished

Notes
Turn   | Place    | Note
-------+----------+-------------------------------------------
     0 | D:1      | mortelune the Minotaur Berserker began the quest for the Orb.
     0 | D:1      | Reached XP level 1. HP: 19/19 MP: 0/0
   383 | D:1      | Found a shattered altar of Ashenzari.
   400 | D:1      | Reached skill level 4 in Axes
   400 | D:1      | Reached XP level 2. HP: 27/27 MP: 1/1
   823 | D:2      | Reached XP level 3. HP: 31/34 MP: 2/2
  1097 | D:2      | Found a faded altar of an unknown god.
  1114 | D:2      | Reached ** piety under Trog
  1313 | D:2      | Reached XP level 4. HP: 36/41 MP: 3/3
  1392 | D:2      | Found a snail-covered altar of Cheibriados.
  1451 | D:2      | Reached skill level 5 in Fighting
  1583 | D:3      | Reached skill level 5 in Axes
  1735 | D:3      | Found a glowing drain.
  1740 | Sewer    | Entered a sewer
  1931 | Sewer    | Reached XP level 5. HP: 46/48 MP: 4/4
  2092 | Sewer    | Reached skill level 6 in Axes
  2092 | Sewer    | Reached XP level 6. HP: 57/57 MP: 5/5
  2451 | D:3      | Found a runed door.
  2857 | D:3      | Noticed Crazy Yiuf
  2867 | D:3      | Killed Crazy Yiuf
  3035 | D:4      | Found an iron altar of Okawaru.
  3308 | D:4      | Reached skill level 7 in Axes
  3383 | D:4      | Reached XP level 7. HP: 64/66 MP: 6/6
  3434 | D:4      | Reached *** piety under Trog
  3848 | D:5      | Entered Level 5 of the Dungeon
  3944 | D:5      | Noticed Pikel
  3959 | D:5      | Killed Pikel
  3959 | D:5      | Reached skill level 8 in Axes
  3959 | D:5      | Reached XP level 8. HP: 75/75 MP: 7/7
  4002 | D:5      | Reached skill level 5 in Armour
  4033 | D:5      | Found a shadowy altar of Dithmenos.
  4034 | D:5      | Found a burning altar of Makhleb.
  4424 | D:5      | Found an ornate altar of the Wu Jian Council.
  4763 | D:5      | Reached skill level 9 in Axes
  4861 | D:6      | Found a bloodstained altar of Trog.
  5108 | D:6      | Reached **** piety under Trog
  5188 | D:6      | Reached XP level 9. HP: 84/84 MP: 8/8
  5347 | D:6      | Reached skill level 10 in Fighting
  5347 | D:6      | Reached skill level 10 in Axes
  6104 | D:7      | Found a staircase to the Ecumenical Temple.
  6164 | D:7      | Received a gift from Trog
  6283 | D:7      | Noticed Menkaure
  6288 | D:7      | Killed Menkaure
  6582 | D:7      | Noticed Prince Ribbit
  6725 | D:7      | Found a hide-covered altar of Uskayaw.
  6805 | D:7      | Killed Prince Ribbit
  6964 | D:7      | Reached skill level 11 in Axes
  7238 | D:8      | Noticed Maurice
  7277 | D:8      | Killed Maurice
  7277 | D:8      | Reached XP level 10. HP: 88/95 MP: 9/9
  7357 | D:8      | Reached ***** piety under Trog
  7429 | D:8      | Reached skill level 12 in Axes
  7704 | D:8      | Received a gift from Trog
  8125 | D:8      | Noticed Joseph
  8131 | D:8      | Killed Joseph
  8135 | D:8      | Reached skill level 13 in Axes
  8138 | D:8      | Reached skill level 10 in Armour
  8438 | D:9      | Reached XP level 11. HP: 87/104 MP: 10/10
  8906 | D:9      | Noticed a brown ugly thing
  8916 | D:9      | Killed a brown ugly thing
  9200 | D:9      | Found a staircase to the Lair.
  9408 | D:10     | Entered Level 10 of the Dungeon
  9584 | D:10     | Reached skill level 14 in Axes
  9678 | D:10     | Noticed a skeletal warrior
  9678 | D:10     | Noticed a skeletal warrior
  9680 | D:10     | Noticed a skeletal warrior
  9684 | D:10     | Noticed a skeletal warrior
  9698 | D:10     | Killed a skeletal warrior
  9704 | D:10     | HP: 1/105 [skeletal warrior/glaive[a skeletal warrior] (6)]
  9705 | D:10     | Mangled by a skeletal warrior

Vault maps used:
D:1:      dpeg_arrival_pits, evilmike_ruin_ashenzari
D:2:      marbit_many_paths, chequers_ecumenical_altar_simple_redux,
          minmay_tripent
D:3:      gup_sewer_entry_bowl, uniq_crazy_yiuf_cottage
D:4:      old_standard_altar, first_bread
D:5:      nicolae_overflow_crystal_walls, gammafunk_temple_overflow_statue,
          uniq_pikel
D:6:      kennysheep_housing_project, trog_three_pillars_becter
D:7:      nicolae_overflow_hidden_temple, temple_green, uniq_menkaure,
          uniq_prince_ribbit1
D:8:      kb_forest_paths, moated_statue, uniq_joseph, uniq_maurice
D:9:      grunt_lair_entry_orc_guard_hut
D:10:     grunt_potential
Sewer:    sewer_frog_island_01

Skill      XL: |  1  2  3  4  5  6  7  8  9 10 11 |
---------------+----------------------------------+-----
Fighting       | 4 5 6 7 8 9 11 12 | 12.6
Axes           | 4 5 6 7 8 9 11 13 14 | 14.3
Armour         | 4 6 8 10 | 10.9
Dodging        | |  2.2

Action                   |  1- 3 |  4- 6 |  7- 9 | 10-12 || total
-------------------------+-------+-------+-------+-------++-------
Melee: Hand axe          |    72 |    96 |   281 |    69 ||   518
       Headbutt          |     5 |    14 |    55 |    59 ||   133
       War axe           |       |       |       |   146 ||   146
       Morningstar       |       |       |       |    39 ||    39
       Battleaxe         |       |       |       |    56 ||    56
Invok: Berserk           |       |     5 |     6 |     6 ||    17
       Trog's Hand       |       |     1 |       |     1 ||     2
       Burn Spellbooks   |       |       |       |     1 ||     1
       Brothers in Arms  |       |       |       |     1 ||     1
  Use: Scroll            |     3 |     4 |     5 |     4 ||    16
       Potion            |       |       |       |     1 ||     1
  Eat: Chunk             |     1 |     5 |    17 |    14 ||    37
       Bread ration      |       |     1 |       |       ||     1
       Fruit             |       |     1 |     1 |       ||     2
       Royal jelly       |       |     1 |       |       ||     1
Armor: Ring mail         |    25 |    36 |    14 |       ||    75
       Chain mail        |       |       |   107 |       ||   107
       Plate armour      |       |       |    28 |   195 ||   223
Dodge: Dodged            |    39 |    66 |   150 |   101 ||   356
Block: Buckler           |       |       |       |    24 ||    24

Table legend:
 A = Spawn XP
 B = Non-spawn XP
 C = Spawn XP percentage of total XP
 D = Spawn monster count
 E = Non-spawn monster count
 F = Spawn count percentage of total count
 G = Total turns spent on level
                    A         B        C        D         E        F      G
               +---------+---------+-------+---------+---------+-------+---------
         Total |       0 |   16216 |   0.0 |       0 |     286 |   0.0 |  9705
               +---------+---------+-------+---------+---------+-------+---------
           D:1 |       0 |      37 |   0.0 |       0 |      14 |   0.0 |   795
           D:2 |       0 |      74 |   0.0 |       0 |      19 |   0.0 |   737
           D:3 |       0 |     107 |   0.0 |       0 |      13 |   0.0 |   791
           D:4 |       0 |     391 |   0.0 |       0 |      29 |   0.0 |   904
           D:5 |       0 |    1287 |   0.0 |       0 |      15 |   0.0 |   982
           D:6 |       0 |    1683 |   0.0 |       0 |      42 |   0.0 |  1206
           D:7 |       0 |    1367 |   0.0 |       0 |      26 |   0.0 |  1059
           D:8 |       0 |    4873 |   0.0 |       0 |      60 |   0.0 |  1207
           D:9 |       0 |    3378 |   0.0 |       0 |      31 |   0.0 |  1106
          D:10 |       0 |    2809 |   0.0 |       0 |      19 |   0.0 |   297
         Sewer |       0 |     210 |   0.0 |       0 |      18 |   0.0 |   621
               +---------+---------+-------+---------+---------+-------+---------
